 Dungeon Crawl Stone Soup version 0.17-a0-1760-ga6756ae (webtiles) character file.

77 kosy22 the Sneak (level 4, -4/24 HPs)
             Began as a Kobold Enchanter on Sept 3, 2015.
             Succumbed to zkyp's ghost's poison
             ... on level 3 of the Dungeon.
             The game lasted 00:10:29 (2757 turns).

kosy22 the Sneak (Kobold Enchanter)                 Turns: 2757, Time: 00:10:30

Health: -4/24      AC: 15    Str:  6    XL:     4   Next: 58%
Magic:  4/7        EV:  4    Int: 13    God:
Gold:   30         SH:  0    Dex: 22    Spells: 3 memorised, 0 levels left

rFire  . . .     SeeInvis .     k - +0 quarterstaff
rCold  . . .     Clarity  .     p - +0 plate armour
rNeg   . . .     SustAt   .     (shield restricted)
rPois  .         Gourm    .     d - +0 helmet
rElec  .         Spirit   .     (no cloak)
rCorr  .         Warding  .     (no gloves)
rMut   .         Stasis   .     (no boots)
MR     .....                    (no amulet)
Stlth  ..........               (no ring)
                                h - +4 ring of protection

@: agile, lethally poisoned (-4 -> -44), very slightly contaminated, slowed,
glowing, very slow, not resistant to hostile enchantments, extremely unstealthy
A: carnivore 3
a: no special abilities


You were on level 3 of the Dungeon.
You were not hungry.

You visited 1 branch of the dungeon, and saw 3 of its levels.

You collected 30 gold pieces.

Inventory:

Hand weapons
 a - a +1 dagger
 e - a +0 halberd
 k - a +0 quarterstaff (weapon)
Armour
 b - a +1 robe
 d - a +0 helmet (worn)
 p - a +0 plate armour (worn)
Jewellery
 h - a +4 ring of protection (left hand)
 q - a +2 ring of strength {unknown}
Scrolls
 m - a scroll of teleportation
Potions
 f - a potion of might {unknown}
 i - a potion of curing {unknown}
 j - a potion of cancellation {unknown}
 l - a potion of agility
 o - a potion of ambrosia {unknown}
Books
 c - a book of Maledictions

   Spells                             Type                      Level
   a - Corona                         Hexes                        1
   b - Ensorcelled Hibernation        Hexes/Ice                    2
   c - Confuse                        Hexes                        3
   d - Tukima's Dance                 Hexes                        3
   e - Dazzling Spray                 Conjuration/Hexes            3
Comestibles
 g - 2 bread rations
 n - a meat ration


   Skills:
 + Level 0.9 Fighting
 + Level 1.5 Short Blades
 + Level 0.1 Staves
 + Level 4.2 Dodging
 + Level 4.6 Stealth
 + Level 2.2 Spellcasting
 + Level 3.2 Hexes


You couldn't memorise any spells.
You knew the following spells:

 Your Spells              Type           Power        Failure   Level  Hunger
a - Corona                Hex            #......      100%        1    ##.....
b - Confuse               Hex            #.......     100%        3    ####...
c - Tukima's Dance        Hex            #.......     100%        3    ####...


Dungeon Overview and Level Annotations

Branches:
Dungeon (3/15)

Altars:
Fedhas
Gozag
Makhleb
Trog
Yredelemnul

Annotations:
D:3 zkyp's ghost, average DgAM


Innate Abilities, Weirdness & Mutations

You are small and have problems with some larger weapons.
You are carnivorous and can eat meat at any time.


Message History

Okay, then.
Casting: Tukima's Dance
Confirm with . or Enter, or press ? or * to list all spells.
The spell is very dangerous to cast!
Continue anyway?
Okay, then.
Casting: Tukima's Dance
Confirm with . or Enter, or press ? or * to list all spells.
The spell is very dangerous to cast!
Continue anyway?
Okay, then.
* * * LOW HITPOINT WARNING * * *
You feel very sick. The bat hits you but does no damage. x2
Zkyp's ghost shouts, "You must not succeed where I failed!"
Zkyp's ghost hits you.
* * * LOW HITPOINT WARNING * * *
You are more poisoned.
Drink which item? (? for menu, Esc to quit)
It was a potion of agility.
You feel agile all of a sudden.
You die...

#....#.# ### #....#.#
#.. #....#.# #.##
#....#.#
#.##.#....#.###
#.##......#...#+##
#####.#####[...b.....#
......)...'.)..g@....#
#####.#####....W.....#
..........+....%.....+
#####.#####..........#
....#.# #..........#
.##.#.# #########+##
....#.# ###.#.#
......#


You could see zkyp's ghost, a goblin and a bat.

Vanquished Creatures
  An adder (D:2)
  A gnoll (D:1)
  A worm (D:2)
  A giant gecko (D:1)
  9 bats
  7 goblins
  8 hobgoblins
  A ball python (D:2)
  3 giant cockroaches
  6 giant newts
  3 jackals (D:1)
  7 kobolds
  6 rats
54 creatures vanquished.

Notes
Turn   | Place    | Note
--------------------------------------------------------------
     0 | D:1      | kosy22 the Kobold Enchanter began the quest for the Orb.
     0 | D:1      | Reached XP level 1. HP: 10/10 MP: 3/3
    65 | D:1      | Reached XP level 2. HP: 13/15 MP: 5/5
    84 | D:1      | Reached XP level 3. HP: 5/20 MP: 6/6
   730 | D:1      | Learned a level 3 spell: Confuse
  1440 | D:2      | Found a bloodstained altar of Trog.
  1466 | D:2      | HP: 1/20 [kobold (3)]
  1783 | D:2      | Found a blossoming altar of Fedhas.
  1802 | D:2      | Found a burning altar of Makhleb.
  1912 | D:2      | Reached XP level 4. HP: 24/24 MP: 7/7
  1917 | D:2      | Learned a level 3 spell: Tukima's Dance
  2166 | D:2      | Found a faded altar to an unknown god.
  2519 | D:2      | Found an opulent altar of Gozag.
  2519 | D:2      | Found a basalt altar of Yredelemnul.
  2746 | D:3      | Noticed zkyp's ghost (average DgAM)
  2756 | D:3      | HP: 1/24 [zkyp's ghost (3)]
  2757 | D:3      | Succumbed to zkyp's ghost's poison

Vault maps used:
D:1:      evilmike_arrival_plus
D:2:      grunt_temple_overflow_open, gammafunk_temple_overflow_wave,
          first_bread, ecumenical_altar_2, fedhas_altar_2
D:3:      nicolae_ru_the_path_less_chosen

Action                   |  1- 3 |  4- 6 || total
-------------------------+-------+-------++-------
Melee: Dagger            |   148 |     6 ||   154
       Quarterstaff      |       |    68 ||    68
 Cast: Corona            |     3 |       ||     3
       Tukima's Dance    |       |     1 ||     1
  Use: Scroll            |     2 |     1 ||     3
       Potion            |       |     1 ||     1
 Stab: Sleeping          |     3 |     1 ||     4
  Eat: Meat ration       |     1 |       ||     1
